 Dungeon Crawl Stone Soup version 0.30.1-11-g7821555f0a (webtiles) character file.

Game seed: 17821389822151092080

92 lonewolfV2 the Covered (level 4, -6/38 HPs)
             Began as a Formicid Fighter on Nov 15, 2023.
             Mangled by a gnoll
             ... wielding a +0 halberd
              (13 damage)
             ... on level 3 of the Dungeon.
             The game lasted 00:02:31 (1741 turns).

lonewolfV2 the Covered (Formicid Fighter)           Turns: 1741, Time: 00:02:32

Health: -6/38      AC:  7    Str: 27    XL:     4   Next: 90%
Magic:  4/4        EV:  9    Int:  7    God:
Gold:   109        SH:  7    Dex: 15    Spells: 3/3 levels left

rFire   + . .        a - +1 war axe
rCold   . . .        c - +2 buckler
rNeg    . . .        k - +0 scale mail {rF+}
rPois   .            (helmet unavailable)
rElec   .            (no cloak)
rCorr   .            (no gloves)
SInv    +            (no boots)
Will    .....        (no amulet) Stlth
                     o - +6 ring of strength
HPRegen 0.26/turn    (no ring)
MPRegen 0.09/turn

%: no passive effects
@: mighty
A: permanent stasis, dig shafts and tunnels, antennae 3, four strong arms
a: Dig, Shaft Self


You were on level 3 of the Dungeon.
You visited 1 branch of the dungeon, and saw 3 of its levels.

You collected 109 gold pieces.

Inventory:

Hand Weapons
 a - a +1 war axe (weapon)
Armour
 b - a +0 scale mail
 c - a +2 buckler (worn)
 k - a +0 scale mail of fire resistance (worn)
Jewellery
 o - a +6 ring of strength (left hand)
Scrolls
 f - a scroll of poison
Potions
 d - a potion of might
 e - a potion of ambrosia {unknown}
 g - a potion of attraction {unknown}
 i - a potion of lignification {unknown}
 j - a potion of mutation {unknown}
 n - a potion of degeneration {unknown}


   Skills:
 + Level 4.6 Fighting
 - Level 2.0 Axes
 + Level 4.6 Armour
 - Level 4.0 Shields


You had 3 spell levels left.
You didn't know any spells.
Your spell library contained the following spells:

 Spells                   Type           Power      Damage    Failure   Level
 Ensorcelled Hibernation  Hex/Ice        0%         N/A       87%         2
 Passwall                 Tmut/Erth      0%         N/A       87%         2
 Swiftness                Air            Unusable   N/A       N/A         3

Dungeon Overview and Level Annotations

Branches:
Dungeon (3/15)

Altars:

Shops:
D:1 *


Innate Abilities, Weirdness & Mutations

You cannot be hasted, slowed, berserked, paralysed or teleported.
You can dig through walls and to a lower floor.
You have a pair of large antennae on your head. (SInv)
Your four strong arms can wield two-handed weapons with a shield.


Message History

You block the gnoll's attack. The gnoll barely misses you.
You hit the gnoll.
You kill the gnoll!
The gnoll hits you from afar with a +0 halberd!
There is a stone staircase leading up here.
The gnoll barely misses you.
You climb upwards.
There is a stone staircase leading down here.
You start resting.
HP restored.
You start waiting.
Done waiting.
You climb downwards.
There is a stone staircase leading up here.
The gnoll hits you with a +0 halberd!
You barely miss the gnoll. You block the gnoll's attack.
You slash the gnoll!
You kill the gnoll!
Things that are here:
a +0 halberd; a scroll labelled FURIDA ENICU The gnoll barely misses you.
Things that are here:
a +0 club; a goblin skeleton You barely miss the gnoll.
The gnoll hits you with a +0 halberd. The gnoll hits you with a +0 halberd!
You hit the gnoll.
The gnoll is lightly wounded.
A hobgoblin comes into view.
The gnoll closely misses you.
The hobgoblin shouts!
You hit the gnoll.
The gnoll is lightly wounded.
The gnoll hits you with a +0 halberd. The gnoll hits you with a +0 halberd!
* * * LOW HITPOINT WARNING * * *
You barely miss the gnoll.
The gnoll is lightly wounded.
The gnoll closely misses you.
You feel very mighty all of a sudden. The gnoll hits you with a +0 halberd!
You die...

..... .......
.......
######.......
#..)<#.......
#............
...####.........
..<.............
.....##)@g......
?...............
......:.........
....###..#.g....
... ##....$...
.. .[....... .
###...[.. ......


You could see a gnoll and a hobgoblin.

Vanquished Creatures
  2 adders (D:2)
  3 gnolls
  2 worms (D:2)
  2 ball pythons (D:2)
  3 endoplasms
  A giant cockroach (D:1)
  3 goblins
  8 hobgoblins
  2 jackals (D:2)
  A quokka (D:2)
  3 bats (D:1)
  A frilled lizard (D:1)
  2 kobolds (D:1)
  5 rats
38 creatures vanquished.

Notes
Turn   | Place    | Note
-------+----------+-------------------------------------------
     0 | D:1      | lonewolfV2 the Formicid Fighter began the quest for the
                  | Orb.
     0 | D:1      | Reached XP level 1. HP: 18/18 MP: 1/1
   214 | D:1      | Reached XP level 2. HP: 23/24 MP: 2/2
   257 | D:1      | Found Gubut's Assorted Antiques.
   733 | D:2      | Reached XP level 3. HP: 27/30 MP: 3/3
  1125 | D:2      | Reached XP level 4. HP: 24/37 MP: 4/4
  1741 | D:3      | Mangled by a gnoll

Illustrated notes

Levels and vault maps discovered:
D:1:      dpeg_arrival_rooms_with_view, layout_loops_ring, serial_shops, shop
D:2:      layout_rooms, corexii_corridor_pit
D:3:      layout_basic

Skill      XL: |  1  2  3 |
---------------+----------+-----
Fighting       | 4 |  4.6
Armour         | 4 |  4.6
Axes           | |  2.0
Shields        | |  4.0

Action                     |  1- 3 |  4- 6 || total
---------------------------+-------+-------++-------
  Melee: War axe           |    96 |    18 ||   114
    Use: Scroll            |     4 |     4 ||     8
         Potion            |       |     1 ||     1
 Armour: Scale mail        |    55 |    10 ||    65
  Dodge: Dodged            |    54 |    10 ||    64
  Block: Buckler           |    29 |    10 ||    39
